 Dungeon Crawl Stone Soup version 0.31.0-32-g396128a36d (webtiles) character file.

Game seed: 3437403011209268312

886 mainiacjoe the Caller (level 8, -4/46 HPs)
             Began as an Octopode Summoner on Mar 30, 2024.
             Was an Initiate of Kikubaaqudgha.
             Slain by an orc warrior
             ... wielding a +0 trident
              (5 damage)
             ... on level 6 of the Dungeon.
             The game lasted 00:15:52 (5447 turns).

mainiacjoe the Caller (Octopode Summoner)           Turns: 5447, Time: 00:15:54

Health: -4/46      AC:  1    Str:  8    XL:     8   Next: 5%
Magic:  5/11       EV: 12    Int: 19    God:    Kikubaaqudgha [......]
Gold:   220        SH:  6    Dex: 12    Spells: 2/11 levels left

rFire   . . .        A - +3 trident (venom)
rCold   . . .        k - +1 buckler
rNeg    . . .        (helmet restricted)
rPois   .            (no amulet)
rElec   .            (no ring)
rCorr   .            (no ring)
SInv    .            (no ring)
Will    .....        (no ring)
Stlth   +++          (no ring)
HPRegen 0.27/turn    (no ring)
MPRegen 0.12/turn    (no ring)
                     (no ring)

%: no passive effects
@: inugami summoned
A: almost no armour, amphibious, 8 rings, camouflage 1, gelatinous body 1,
(nimble swimmer 1), tentacles
a: Renounce Religion


You were on level 6 of the Dungeon.
You worshipped Kikubaaqudgha.
Kikubaaqudgha was noncommittal.
You visited 2 branches of the dungeon, and saw 7 of its levels.

You collected 220 gold pieces.

Inventory:

Hand Weapons
 a - a +2 dagger of electrocution
 b - a +8 spear of flaming
 m - a +0 sling
 w - a +1 scythe
 A - a +3 trident of venom (weapon)
Missiles
 f - 3 boomerangs
 h - 49 stones
 q - 5 atropa-tipped darts {=F}
 v - 3 poisoned darts
 y - 6 silver javelins
Armour
 k - a +1 buckler (worn)
Magical Staves
 g - a staff of alchemy
Wands
 j - a wand of quicksilver (4)
 o - a wand of mindburst (6)
 p - a wand of iceblast (9)
Scrolls
 d - a scroll of teleportation
 i - 2 scrolls of vulnerability
 l - a scroll of enchant armour
 n - a scroll of blinking
Potions
 c - 2 potions of brilliance
 e - 3 potions of mutation
 r - 2 potions of magic
 s - a potion of attraction
 t - 2 potions of might {unknown}
 u - a potion of invisibility {unknown}
 x - 2 potions of enlightenment {unknown}
 z - a potion of haste {unknown}


   Skills:
 - Level 2.0 Dodging
 - Level 4.0 Stealth
 + Level 4.0 Shields
 - Level 2.0 Spellcasting
 * Level 7.9 Summonings
 + Level 2.7 Fire Magic


You had 2 spell levels left.
You knew the following spells:

 Your Spells              Type           Power      Damage    Failure   Level
a - Summon Blazeheart Go  Fire/Summ      22%        N/A       28%         4
b - Call Imp              Summ           64%        N/A       1%          2
c - Call Canine Familiar  Summ           32%        N/A       3%          3

Your spell library contained the following spells:

 Spells                   Type           Power      Damage    Failure   Level
 Summon Small Mammal      Summ           100%       N/A       1%          1
 Foxfire                  Conj/Fire      28%        2x1d5     14%         1
 Apportation              Tloc           2%         N/A       26%         1
 Necrotise                Necr           4%         1d4       26%         1
 Sting                    Conj/Alch      4%         1d3       26%         1
 Summon Lightning Spire   Summ/Air       17%        N/A       45%         4
 Plasma Beam              Fire/Air       3%         2x1d13    100%        6
 Starburst                Conj/Fire      3%         6d3       100%        6


Dungeon Overview and Level Annotations

Branches:
Dungeon (6/15)             Temple (1/1) D:4

Altars:
Ashenzari
Cheibriados
Elyvilon
Fedhas
Gozag
Hepliaklqana
Kikubaaqudgha
Makhleb
Nemelex Xobeh
Okawaru
Qazlal
Ru
Sif Muna
Trog
Uskayaw
Vehumet
Wu Jian
Xom
Yredelemnul
The Shining One

Annotations:
D:4 exclusion: wyvern


Innate Abilities, Weirdness & Mutations

You cannot wear most types of armour.
You are amphibious.
You can wear up to eight rings at the same time.
Your skin changes colour to match your surroundings (Stealth+).
Your rubbery body absorbs attacks. (AC +1, EV +1)
((You are camouflaged when in or above water. (Stealth+)))
You have tentacles for arms and can constrict up to eight enemies at once.


Message History

The orc priest is heavily wounded.
Your cerulean imp hits the orc but does no damage.
Your inugami closely misses the orc priest.
The orc priest misses you. The jelly barely misses you.
You hit the jelly.
Your tentacles burn!
You squeeze the jelly.
The jelly is moderately wounded.
The giant cockroach waves its antennae.
Your cerulean imp hits the orc from afar with a -1 spear.
Your inugami hits the orc priest.
The orc priest dies!
Kikubaaqudgha accepts your kill. The jelly hits you.
You are splashed with acid!
The orc hits you with a +0 club.
The orc warrior hits you from afar with a +0 trident!!
* * * LOW HITPOINT WARNING * * *
Your cerulean imp hits the orc but does no damage.
The jelly hits you but does no damage. The orc attacks as it pursues you!
The orc misses you.
The giant cockroach barely misses your inugami.
Your inugami hits the orc but does no damage.
Unknown command.
You puncture the jelly!
Your tentacles burn!
* * * LOW HITPOINT WARNING * * *
The jelly is almost dead.
The giant cockroach closely misses your inugami.
The jelly hits you.
* * * LOW HITPOINT WARNING * * *
You are splashed with acid.
* * * LOW HITPOINT WARNING * * *
A black bear comes into view.
The orc hits you with a +0 club.
* * * LOW HITPOINT WARNING * * *
You block the orc warrior's attack.
A rat comes into view.
Your inugami hits the orc but does no damage.
You block the jelly's attack.
The giant cockroach closely misses your inugami.
The orc warrior hits you from afar with a +0 trident.
You die...
Kikubaaqudgha rasps: "You have failed me!
Welcome... death!"

#... #...
. . #..h
##.
..##...
##..
.r...##..#
..B...#
#oh5# #o##
#J@# ##.#
#.# #..
.... ....
...##
...##


You could see an orc warrior, a black bear, a jelly (ally target), an orc
(distracted), a giant cockroach, a rat and a friendly inugami (summoned).

Vanquished Creatures
  Sigmund (D:3)
  A gnoll sergeant (D:4)
  A scorpion (D:5)
  An orc priest (D:4)
  A hound (D:5)
  An iguana (D:5)
  An orc wizard (D:5)
  A gnoll (D:4)
  5 adders (D:3)
  5 orcs
  An endoplasm (D:4)
  A giant cockroach (D:3)
  2 goblins
  A hobgoblin (D:3)
  3 jackals (D:3)
  A nameless horror (D:2)
  2 quokkas
  5 ball pythons
  A bat (D:2)
  2 frilled lizards (D:1)
  A kobold (D:3)
  2 rats (D:1)
40 creatures vanquished.

Vanquished Creatures (collateral kills)
  A phantom (D:5)
  A gnoll sergeant (D:5)
  A bombardier beetle (D:5)
  2 orc priests
  A hound (D:5)
  An iguana (D:5)
  An orc wizard (D:4)
  An adder (D:2)
  3 gnolls (D:4)
  A dart slug (D:3)
  A ribbon worm (D:2)
  7 orcs
  4 endoplasms
  2 giant cockroaches
  4 goblins
  8 hobgoblins
  2 quokkas
  3 ball pythons
  2 bats (D:1)
  2 kobolds (D:1)
  A rat (D:2)
49 creatures vanquished.

Grand Total: 89 creatures vanquished

Notes
Turn   | Place    | Note
-------+----------+-------------------------------------------
     0 | D:1      | mainiacjoe the Octopode Summoner began the quest for the
                  | Orb.
     0 | D:1      | Reached XP level 1. HP: 11/11 MP: 3/3
   207 | D:1      | Reached XP level 2. HP: 5/17 MP: 0/5
   210 | D:1      | Learned a level 2 spell: Call Imp
   849 | D:1      | Reached XP level 3. HP: 21/21 MP: 1/6
   862 | D:1      | Learned a level 3 spell: Call Canine Familiar
   997 | D:1      | You fall into a shaft and drop 1 floor!
  1105 | D:2      | Found a faded altar of an unknown god.
  2229 | D:3      | Noticed Sigmund
  2258 | D:3      | Killed Sigmund
  2259 | D:3      | Reached skill level 6 in Summonings
  2259 | D:3      | Reached XP level 4. HP: 11/27 MP: 0/7
  2259 | D:3      | Reached XP level 5. HP: 13/31 MP: 0/8
  2434 | D:3      | Reached XP level 6. HP: 31/36 MP: 9/9
  2916 | D:3      | Found a bloodstained altar of Trog.
  2923 | D:3      | Found a hide-covered altar of Uskayaw.
  3338 | D:4      | Learned a level 4 spell: Summon Blazeheart Golem
  3562 | D:4      | Noticed a wyvern
  3634 | D:4      | Found a sacrificial altar of Ru.
  3836 | D:4      | Reached skill level 1 in Fire Magic
  3848 | D:4      | Reached XP level 7. HP: 4/41 MP: 3/10
  4089 | D:4      | Found a shimmering blue altar of Sif Muna.
  4195 | D:4      | Found a staircase to the Ecumenical Temple.
  4367 | D:5      | Entered Level 5 of the Dungeon
  4420 | D:5      | Reached skill level 7 in Summonings
  4972 | D:5      | Found a sparkling altar of Nemelex Xobeh.
  4996 | Temple   | Entered the Ecumenical Temple
  5003 | Temple   | Became a worshipper of Kikubaaqudgha
  5409 | D:5      | Reached XP level 8. HP: 31/46 MP: 5/11
  5447 | D:6      | HP: 2/46 [acid (6)]
  5447 | D:6      | Slain by an orc warrior

Illustrated notes

Levels and vault maps discovered:
D:1:      dpeg_arrival_solitude, layout_basic
D:2:      layout_loops_corners, dreamdust_ecumenical_altar_statues,
          chequers_serial_rivers_micro_b
D:3:      layout_loops_cross, amethyst_overflow_temple_binary,
          saegor_snake_ambush, uniq_sigmund
D:4:      layout_cave_pods, nicolae_ru_the_path_less_chosen,
          mainiacjoe_overflow_small_starburst, minmay_temple_entry_from_below_a,
          lightli_minifort
D:5:      layout_rooms, mainiacjoe_overflow_alcove_1
D:6:      layout_layer_cave, portal_sewer_entry_b
Temple:   bh_familiar_temple

Skill      XL: |  1  2  3  4  5  6  7 |
---------------+----------------------+-----
Stealth        | 3 4 |  4.0
Shields        | 2 3 4 |  4.0
Summonings     | 6 7 |  7.9
Fire Magic     | 1 2 |  2.7
Dodging        | |  2.0
Spellcasting   | |  2.0

Action                     |  1- 3 |  4- 6 |  7- 9 || total
---------------------------+-------+-------+-------++-------
  Melee: Mace              |    20 |       |       ||    20
         Tentacles         |     4 |     3 |     9 ||    16
         Constrict         |     3 |     7 |     3 ||    13
         Punch             |     1 |       |     1 ||     2
         Halberd           |       |    30 |       ||    30
         Dagger            |       |     7 |       ||     7
         Trident           |       |       |    27 ||    27
  Throw: Dart              |       |     1 |       ||     1
   Cast: Summon Small Mamm |    27 |       |       ||    27
         Call Imp          |    12 |     9 |     9 ||    30
         Call Canine Famil |     8 |     9 |     8 ||    25
  Evoke: Wand              |     2 |     5 |     1 ||     8
    Use: Scroll            |     7 |     2 |     5 ||    14
   Stab: Sleeping          |     3 |     8 |       ||    11
 Armour: Skin              |    16 |    17 |    20 ||    53
  Dodge: Dodged            |    23 |    19 |     7 ||    49
  Block: Buckler           |       |       |     7 ||     7
